 Dungeon Crawl Stone Soup version 0.25-a0-346-g140ab784a8 (webtiles) character file.

Game seed: 5964419012760888784, levelgen mode: deterministic

172 ReteAZ the Shield-Bearer (level 5, -5/49 HPs)
             Began as a Deep Dwarf Fighter on Jan 1, 2020.
             Killed by divine providence
             ... invoked by an orc priest
              (10 damage)
             ... on level 3 of the Dungeon.
             The game lasted 00:03:53 (2271 turns).

ReteAZ the Shield-Bearer (Deep Dwarf Fighter)       Turns: 2271, Time: 00:03:53

Health: -5/49      AC:  7    Str: 21    XL:     5   Next: 27%
Magic:  5/5        EV:  7    Int:  8    God:
Gold:   138        SH:  9    Dex: 12    Spells: 4/4 levels left

rFire    . . .     SeeInvis .   a - +0 flail
rCold    . . .     Gourm    .   c - +0 shield
rNeg     . . .     Faith    .   b - +0 scale mail
rPois    .         Spirit   .   (no helmet)
rElec    .         Reflect  .   (no cloak)
rCorr    .         Harm     .   (no gloves)
MR       .....     Rnd*Tele +   (no boots)
Stlth    +.........             v - amulet of rage (curse)
HPRegen  0.00/turn              k - ring of stealth
MPRegen  0.09/turn              s - ring of teleportation (curse)

@: non-regenerating
A: damage resistance, heal wounds, sense surroundings 1, no regeneration
a: Heal Wounds, Evoke Berserk Rage


You were on level 3 of the Dungeon.
You were not hungry.

You visited 1 branch of the dungeon, and saw 3 of its levels.

You collected 138 gold pieces.

Inventory:

Hand Weapons
 a - a +0 flail (weapon)
Missiles
 l - 33 poisoned darts (quivered)
Armour
 b - a +0 scale mail (worn)
 c - a +0 shield (worn)
Jewellery
 k - a ring of stealth (left hand)
 s - a cursed ring of teleportation (right hand)
 v - a cursed amulet of rage (around neck)
Scrolls
 e - a scroll of enchant armour {unknown}
 h - a scroll of remove curse {unknown}
 i - 3 scrolls of identify {unknown}
 m - a scroll of amnesia {unknown}
 n - a scroll of fog {unknown}
 r - a scroll of magic mapping {unknown}
 u - a scroll of fear {unknown}
 w - a scroll of enchant weapon {unknown}
Potions
 d - 2 potions of might
 g - a potion of flight {unknown}
 j - a potion of magic {unknown}
 o - a potion of curing {unknown}
 p - a potion of heal wounds {unknown}
 t - a potion of resistance {unknown}
Comestibles
 f - 6 rations


   Skills:
 + Level 3.4 Fighting
 * Level 3.7 Maces & Flails
 + Level 4.1 Armour
 + Level 4.1 Shields


You had 4 spell levels left.
You didn't know any spells.
Your spell library contained the following spells:

 Spells                   Type           Power        Failure   Level  Hunger
 Confusing Touch          Hex            #.....       99%         1    ##.....
 Confuse                  Hex            #.......     100%        3    ####...
 Gell's Gravitas          Tloc           #.........   100%        3    ####...
 Petrify                  Tmut/Erth      #.......     100%        4    #####..
 Metabolic Englaciation   Hex/Ice        #.........   100%        5    ######.
 Yara's Violent Unravell  Hex/Tmut       #.........   100%        5    ######.


Dungeon Overview and Level Annotations

Branches:
Dungeon (3/15)

Altars:
Cheibriados

Annotations:
D:2 1 runed translucent door, Crazy Yiuf


Innate Abilities, Weirdness & Mutations

You are resistant to damage.
You can heal yourself by infusing magical energy.
You passively map a small area around you.
You do not regenerate.


Message History

* * * LOW HITPOINT WARNING * * *
You hit the orc priest.
The orc priest is moderately wounded.
The orc hits you with a cursed -2 morningstar.
* * * LOW HITPOINT WARNING * * *
The orc hits you but does no damage.
The orc priest hits you but does no damage.
You block the orc's attack.
You hit the orc priest but do no damage.
The orc priest is moderately wounded.
The orc hits you with a +2 short sword of speed.
* * * LOW HITPOINT WARNING * * *
The orc priest invokes the aid of Beogh against you.
Pain shoots through your body!
* * * LOW HITPOINT WARNING * * *
You block the orc's attack. The orc closely misses you.
You fail to use your ability.
The orc priest invokes the aid of Beogh against you.
Beogh smites you!
You die...

.......# ####...####
..... ######.#
#.........# ##...# #.#
#.###.###.# #.... #.#
#.# #.# * # ##.## #.#
#.# #.# $# #.# #.# #.#
** #.# #.# #.# * * * * #
#.# #.###o###.## * ##
##.### #...@o......
.####....########o....#.
, .'..............
....... ,, ,
.####....#######*#....#.
## ##.#.# .#.## * #
###.# .#.# * ####.# . .
, #....# * # # * #.####
* ,


You could see an orc priest and 2 orcs.

Vanquished Creatures
  A centaur skeleton (D:3)
  An orc priest (D:3)
  4 adders
  2 worms (D:2)
  A dart slug (D:1)
  A leopard gecko (D:1)
  4 orcs (D:3)
  2 ball pythons (D:3)
  5 giant cockroaches
  10 goblins
  7 hobgoblins
  11 kobolds
  A quokka (D:3)
  3 bats (D:2)
  5 frilled lizards
  9 rats
67 creatures vanquished.

Notes
Turn   | Place    | Note
-------+----------+-------------------------------------------
     0 | D:1      | ReteAZ the Deep Dwarf Fighter began the quest for the Orb.
     0 | D:1      | Reached XP level 1. HP: 20/20 MP: 1/1
   125 | D:1      | Reached XP level 2. HP: 27/27 MP: 2/2
   627 | D:2      | Found a snail-covered altar of Cheibriados.
   753 | D:2      | Found a runed translucent door.
   754 | D:2      | Noticed Crazy Yiuf
   828 | D:2      | Reached XP level 3. HP: 25/34 MP: 3/3
  1371 | D:2      | Reached XP level 4. HP: 18/42 MP: 4/4
  2031 | D:3      | Reached XP level 5. HP: 32/49 MP: 5/5
  2271 | D:3      | Killed from afar by an orc priest

Levels and vault maps discovered:
D:1:      sevenhm_arrival_forest_fort_small_4, layout_loops_ring
D:2:      minmay_recursive_quarters, layout_loops_ring, cheibriados_altar_1,
          uniq_crazy_yiuf_cottage
D:3:      layout_loops_corners, corexii_corridor_pit

Skill      XL: |  1  2  3  4 |
---------------+-------------+-----
Fighting       | 3 |  3.4
Maces & Flails | 3 |  3.7
Armour         | 4 |  4.1
Shields        | 4 |  4.1

Action                   |  1- 3 |  4- 6 || total
-------------------------+-------+-------++-------
Melee: Flail             |   143 |    95 ||   238
Throw: Dart              |    10 |     1 ||    11
 Abil: Heal Wounds       |       |     1 ||     1
  Eat: Chunk             |     2 |     3 ||     5
Armor: Scale mail        |    64 |    34 ||    98
Dodge: Dodged            |    36 |    20 ||    56
Block: Shield            |    81 |    52 ||   133

Table legend:
 A = Non-vault XP
 B = Vault XP
 C = Vault XP percentage of total XP
 D = Non-vault monster count
 E = Vault monster count
 F = Vault count percentage of total count
                 A         B        C        D         E       F
            +---------+---------+-------+---------+---------+-------
      Total |     228 |      19 |   7.7 |      62 |       5 |   7.5
            +---------+---------+-------+---------+---------+-------
        D:1 |      31 |       0 |   0.0 |      18 |       0 |   0.0
        D:2 |      51 |      19 |  27.1 |      21 |       5 |  19.2
        D:3 |     146 |       0 |   0.0 |      23 |       0 |   0.0
            +---------+---------+-------+---------+---------+-------
